 Dungeon Crawl Stone Soup version 0.25.1-8-g42b30a86e7 (webtiles) character file.

Game seed: 182113629544121742

1791 Erymatos the Cleaver (level 8, -3/106 HPs)
             Began as a Minotaur Berserker on Dec 1, 2020.
             Was an Elder of Trog.
             Shot with a bolt by an orc warrior (16 damage)
             ... in a bailey.
             The game lasted 00:11:37 (6010 turns).

Erymatos the Cleaver (Minotaur Berserker)           Turns: 6010, Time: 00:11:37

Health: -3/106     AC:  9    Str: 25    XL:     8   Next: 82%
Magic:  0/7        EV: 12    Int:  4    God:    Trog [****..]
Gold:   173        SH:  0    Dex:  9    Spells: 7/7 levels left

rFire    + . .     SeeInvis .   z - +0 war axe (vorpal)
rCold    . . .     Gourm    .   (no shield)
rNeg     . . .     Faith    .   F - +0 ring mail {rF+}
rPois    .         Spirit   +   (helmet restricted)
rElec    .         Reflect  .   f - +0 cloak
rCorr    .         Harm     .   A - +0 pair of gloves {archery}
MR       .....                  (no boots)
Stlth    ..........             w - amulet of guardian spirit
HPRegen  0.27/turn              (no ring)
MPRegen  0.10/turn              D - ring of flight

@: berserking, starving, very quick
A: retaliatory headbutt, horns 2
a: Berserk, Trog's Hand, Brothers in Arms, Renounce Religion, Evoke Flight


You were in a bailey.
You worshipped Trog.
Trog was greatly pleased with you.
You were starving.

You visited 1 branch of the dungeon, and saw 7 of its levels.
You also visited: Bailey.

You collected 173 gold pieces.

Inventory:

Hand Weapons
 a - a +0 hand axe
 z - a +0 vorpal war axe (weapon)
Armour
 b - a +0 animal skin
 f - a +0 cloak (worn)
 g - a +0 ring mail
 v - a +0 chain mail
 A - a +0 pair of gloves of archery (worn)
 F - a +0 ring mail of fire resistance (worn)
Jewellery
 l - an uncursed ring of ice
 w - an amulet of guardian spirit (around neck)
 B - an uncursed ring of fire
 D - a ring of flight (right hand)
Wands
 s - a wand of flame (25)
 x - a wand of clouds (5)
Scrolls
 d - 3 scrolls of fear {unknown}
 i - 5 scrolls of remove curse
 k - 2 scrolls of enchant weapon
 n - a scroll of teleportation
 p - 2 scrolls of amnesia
 y - 2 scrolls of magic mapping
Potions
 e - a potion of heal wounds {unknown}
 h - 3 potions of might
 m - 2 potions of curing
 o - 3 potions of magic
 q - a potion of degeneration {unknown}
 r - a potion of mutation
 t - a potion of resistance {unknown}
 u - a potion of flight {unknown}
 E - a potion of stabbing {unknown}
Comestibles
 c - 3 rations


   Skills:
 + Level 6.8 Fighting
 + Level 10.1 Axes
 + Level 7.2 Armour
 + Level 3.5 Dodging
 + Level 1.5 Stealth


You had 7 spell levels left.
You didn't know any spells.
Your spell library was empty.

Dungeon Overview and Level Annotations

Branches:
Dungeon (8/15)             Temple (0/1) D:4          Bailey (1/1)
   Lair: D:8-11

Altars:
Ashenzari
Dithmenos
Elyvilon
Sif Muna
Trog
Vehumet


Innate Abilities, Weirdness & Mutations

You reflexively headbutt those who attack you in melee.
You have a pair of horns on your head.


Message History

The orc warrior shoots a bolt.
The bolt hits you!!
* * * LOW HITPOINT WARNING * * *
You hear a splash.
The orc warrior shoots a bolt.
The bolt barely misses you.
You hear a splash.
You see here 3 bolts.
A red film seems to cover your vision as you go berserk!
You feel yourself moving faster!
You feel mighty!
You are starving!
The orc shoots a bolt.
The bolt misses you.
You hear a splash.
You feel a strong urge to attack something.
The orc warrior shoots a bolt.
The bolt hits you!
* * * LOW HITPOINT WARNING * * *
You hear a splash.
The orc shoots a bolt.
The bolt closely misses you.
You hear a splash.
You see here a bolt.
The orc warrior shoots a bolt.
The bolt hits you!
You die...

≈≈≈≈≈≈≈≈≈≈oo o≈......#
≈≈≈≈≈≈≈≈≈≈#∩o##≈.....(#
#####≈≈≈≈≈≈#o#≈≈.....(#
#≈≈≈≈≈≈≈≈≈≈......#
#≈≈≈≈≈≈≈≈≈.....(#
#≈≈≈≈≈≈≈≈......#
#≈≈≈≈≈≈≈≈.....(#
#≈≈≈≈≈≈≈......#
#≈≈≈≈≈((@.....#
#(≈≈≈(((.((...#
#(≈≈((≈≈......#
#≈≈((≈≈≈.....(#
#≈≈≈≈≈≈≈≈......#
#≈≈≈≈≈≈≈≈......#
#≈≈≈≈≈≈≈≈≈......#
#≈≈≈≈≈≈≈≈≈o......#
≈≈≈≈≈≈≈#o#≈≈......#


You could see an orc warrior and 2 orcs.

Vanquished Creatures
  Grinder (D:5)
  2 ice beasts (D:7)
  2 phantoms (D:7)
  A centaur (D:5)
  3 ogres
  2 scorpions
  3 crimson imps
  6 hounds
  An orc priest (D:7)
  5 orc wizards
  An iguana (D:7)
  Ijyb (D:3)
  2 worker ants (D:4)
  A worker ant zombie (D:7)
  Robin (D:2)
  2 gnolls (D:7)
  10 adders
  2 river rats (D:7)
  3 oozes
  An adder skeleton (D:5)
  4 worms
  A dart slug (D:1)
  5 leopard geckos
  6 orcs
  6 bats
  2 giant cockroaches (D:3)
  14 goblins
  8 hobgoblins
  13 frilled lizards
  8 kobolds
  A leopard gecko skeleton (D:7)
  9 rats
  2 plants (D:7)
129 creatures vanquished.

Vanquished Creatures (others)
  A plant (D:7)
1 creature vanquished.

Grand Total: 130 creatures vanquished

Notes
Turn   | Place    | Note
-------+----------+-------------------------------------------
     0 | D:1      | Erymatos the Minotaur Berserker began the quest for the
                  | Orb.
     0 | D:1      | Reached XP level 1. HP: 19/19 MP: 0/0
    85 | D:1      | Reached XP level 2. HP: 20/27 MP: 1/1
   501 | D:1      | Reached skill level 4 in Axes
   856 | D:2      | Reached ** piety under Trog
   863 | D:2      | Reached XP level 3. HP: 30/34 MP: 2/2
  1064 | D:2      | Found a shadowy altar of Dithmenos.
  1475 | D:2      | Noticed Robin
  1479 | D:2      | Reached XP level 4. HP: 39/41 MP: 3/3
  1488 | D:2      | Killed Robin
  1493 | D:2      | Reached skill level 5 in Axes
  2045 | D:3      | Reached XP level 5. HP: 24/47 MP: 4/4
  2217 | D:3      | Noticed Ijyb
  2223 | D:3      | Killed Ijyb
  2375 | D:3      | Reached *** piety under Trog
  2727 | D:3      | Reached skill level 5 in Fighting
  2801 | D:3      | Found a bloodstained altar of Trog.
  2831 | D:3      | Reached skill level 6 in Axes
  2909 | D:4      | Reached XP level 6. HP: 45/56 MP: 5/5
  3125 | D:4      | Found a shattered altar of Ashenzari.
  3472 | D:4      | Found a staircase to the Ecumenical Temple.
  3473 | D:4      | You fall into a shaft and drop 1 floor!
  3473 | D:5      | Entered Level 5 of the Dungeon
  3538 | D:4      | Reached skill level 7 in Axes
  3538 | D:4      | Reached XP level 7. HP: 36/61 MP: 6/6
  4023 | D:5      | Reached skill level 5 in Armour
  4063 | D:5      | Noticed Grinder
  4074 | D:5      | Reached skill level 1 in Stealth
  4087 | D:5      | Killed Grinder
  4087 | D:5      | Reached skill level 8 in Axes
  4087 | D:5      | Reached XP level 8. HP: 38/70 MP: 7/7
  4283 | D:5      | You fall into a shaft and drop 3 floors!
  4413 | D:8      | Found a shimmering blue altar of Sif Muna.
  4434 | D:8      | Found a white marble altar of Elyvilon.
  4485 | D:7      | Reached skill level 9 in Axes
  4552 | D:7      | Found a radiant altar of Vehumet.
  4565 | D:7      | Reached **** piety under Trog
  4779 | D:7      | Reached skill level 10 in Axes
  4809 | D:7      | Found a flagged portal.
  4816 | Bailey   | Entered a bailey
  6010 | Bailey   | Shot with a bolt by an orc warrior

Illustrated notes

Levels and vault maps discovered:
D:1:      dpeg_arrival_solitude, layout_basic, minmay_misc_feat_roman,
          minmay_lizard_pond
D:2:      minmay_wonky_spiral, layout_loops_corners,
          nicolae_overflow_hidden_temple, nrook_uturn, minivault_11, uniq_robin
D:3:      layout_basic, lightli_temple_of_fire, uniq_ijyb
D:4:      layout_loops_ring, evilmike_ruin_ashenzari,
          minmay_temple_entry_overgrown
D:5:      layout_cave_pools, overflow_temple_1_default, first_ration,
          serial_shops, shop_fountains, uniq_grinder
D:7:      wad_woods_stonehenge, layout_basic, lemuel_doored_altar,
          old_standard_altar, enter_bailey_3
D:8:      layout_loops_ring, nicolae_gozag_seed_capital, led_sif_pool,
          elyvilon_altar_4
Bailey:   bailey_polearm_2, bailey

Skill      XL: |  1  2  3  4  5  6  7  8 |
---------------+-------------------------+-----
Fighting       | 4 5 6 |  6.8
Axes           | 4 5 6 7 8 10 | 10.1
Armour         | 3 4 6 7 |  7.2
Dodging        | 3 |  3.5
Stealth        | 1 |  1.5

Action                   |  1- 3 |  4- 6 |  7- 9 || total
-------------------------+-------+-------+-------++-------
Melee: Hand axe          |    83 |   128 |     5 ||   216
       Headbutt          |     5 |    29 |    20 ||    54
       War axe           |       |       |    89 ||    89
Invok: Berserk           |     1 |     3 |     3 ||     7
       Trog's Hand       |       |       |     1 ||     1
  Use: Scroll            |       |       |     9 ||     9
  Eat: Chunk             |     2 |     9 |     3 ||    14
       Ration            |       |       |     2 ||     2
Armor: Animal skin       |    12 |       |       ||    12
       Ring mail         |    14 |    26 |    17 ||    57
       Chain mail        |       |    27 |    43 ||    70
Dodge: Dodged            |    53 |    48 |    63 ||   164
